 Dungeon Crawl Stone Soup version 0.30-a0-989-g0d87f670db (webtiles) character file.

Game seed: 13693155797198638950

7684 Jeffwins the Geomancer (level 11, -1/70 HPs)
             Began as a Human Wanderer on Apr 3, 2023.
             Was a Believer of Vehumet.
             Slain by a yak (8 damage)
             ... on level 8 of the Dungeon.
             The game lasted 00:17:53 (10265 turns).

Jeffwins the Geomancer (Human Wanderer)            Turns: 10265, Time: 00:17:54

Health: -1/70      AC: 11    Str: 12    XL:     11   Next: 41%
Magic:  3/21       EV: 11    Int: 20    God:    Vehumet [**....]
Gold:   451        SH:  0    Dex: 16    Spells: 16/24 levels left

rFire   . . .      SeeInvis .    o - +2 spear (venom)
rCold   . . .      Faith    .    (no shield)
rNeg    + . .      Spirit   .    m - +0 steam dragon scales
rPois   .          Reflect  .    p - +2 helmet
rElec   .          Rampage  .    L - +1 cloak
rCorr   .                        (no gloves)
Will    .....                    g - +0 pair of boots
Stlth   +++                      (no amulet)
HPRegen 0.31/turn                N - ring of positive energy
MPRegen 0.17/turn                X - +6 ring of dexterity

@: no status effects
A: no striking features
a: Renounce Religion


You were on level 8 of the Dungeon.
You worshipped Vehumet.
Vehumet was pleased with you.
You visited 2 branches of the dungeon, and saw 9 of its levels.
You also visited: Ossuary.

You collected 451 gold pieces.


   Skills:
 - Level 1.0 Fighting
 + Level 2.4 Throwing
 - Level 5.0 Stealth
 * Level 7.0 Spellcasting
 * Level 7.5 Conjurations
 * Level 7.7 Summonings
 * Level 8.6 Earth Magic
 + Level 5.6 Evocations


You had 16 spell levels left.
You knew the following spells:

 Your Spells              Type           Power      Damage    Failure   Level
c - Call Canine Familiar  Summ           37%        N/A       1%          3
x - Stone Arrow           Conj/Erth      78%        3d11      1%          3
z - Foxfire               Conj/Fire      88%        2x1d5     1%          1
X - Sandblast             Erth           82%        2d17      1%          1

Your spell library contained the following spells:

 Spells                   Type           Power      Damage    Failure   Level
 Inner Flame              Hex/Fire       7%         N/A       28%         3
 Summon Small Mammal      Summ           100%       N/A       1%          1
 Animate Armour           Summ/Erth      78%        N/A       3%          4
 Lesser Beckoning         Tloc           14%        N/A       14%         2
 Gell's Gravitas          Tloc           7%         N/A       28%         3
 Teleport Other           Tloc           7%         N/A       28%         3

Inventory:

Hand Weapons
 a - a +0 club
 h - a +0 sling
 o - a +2 spear of venom (weapon)
 s - a +4 scythe of protection
 v - a +1 dagger of venom
 I - a +1 dire flail of holy wrath
 O - the +5 short sword "Hiliurchi" {heavy, rN++}
   (You took it off an orc on level 6 of the Dungeon)

   rN:        It greatly protects you from negative energy.
Missiles
 y - 17 poisoned darts
 R - 6 curare-tipped darts {=f}
Armour
 g - a +0 pair of boots (worn)
 k - an orb of light
 m - +0 steam dragon scales (worn)
 p - a +2 helmet (worn)
 L - a +1 cloak (worn)
 Q - +0 acid dragon scales
Magical Staves
 B - a staff of fire
Jewellery
 N - a ring of positive energy (left hand)
 X - a +6 ring of dexterity (right hand)
Wands
 n - a wand of digging (5)
Scrolls
 l - 3 scrolls of poison {!r}
 q - 2 scrolls of enchant armour
 t - 5 scrolls of immolation {!r}
 w - a scroll of vulnerability {unknown}
 A - 3 scrolls of enchant weapon
 C - 5 scrolls of noise {!r}
 D - a scroll of magic mapping
 F - a scroll of brand weapon
 K - a scroll of amnesia
 M - a scroll of butterflies {unknown}
 P - a scroll of fog {unknown}
Potions
 e - 2 potions of flight
 i - a potion of might
 j - 8 potions of degeneration {!q}
 u - a potion of resistance
 x - 5 potions of curing {@q1}
 z - a potion of ambrosia {unknown}
 E - a potion of attraction {unknown}
 G - a potion of haste {unknown}
 H - 2 potions of cancellation {unknown}
 J - a potion of invisibility {unknown}

Dungeon Overview and Level Annotations

Branches:
Dungeon (8/15)             Temple (1/1) D:4         Ossuary (visited)
   Lair: D:8-11

Altars:
Ashenzari
Cheibriados
Dithmenos
Elyvilon
Gozag
Hepliaklqana
Kikubaaqudgha
Makhleb
Nemelex Xobeh
Okawaru
Qazlal
Ru
Trog
Uskayaw
Vehumet
Wu Jian
Xom
Yredelemnul
Zin
The Shining One

...## #≈▒ ▒~.#
....## #≈▒ ▒~.#
.....###≈▒ ▒).##
......##~▒ ▒~..#
......[.~▒ ▒~..#
......##≈▒ ▒†..#
.....###≈▒▒▒▒▒▒▒§.)#
....## #≈≈~≈~~§YYh.#
...## ##.....§§@.##
#'## #####.##### #.#
#.# #.###########.#
).............#
...############
....# ...## #.##


You could see 2 yaks and a friendly hound (summoned).


Message History

The yak barely misses you. The orc misses your hound.
Your hound bites the yak.
Unknown command.
Aiming: Throw Flame
Press: ? - help, Q - select action, (/) - cycle Shift-Dir - straight line, f/p - yak
Aim: a yak (heavily wounded, 84% to hit)
The puff of flame hits the yak.
The yak is severely wounded.
The now-empty wand crumbles to dust.
Your hound bites the yak but does no damage.
The yak closely misses you.
The yak is engulfed in a cloud of scalding steam.
The yak gores you!
* * * LOW HITPOINT WARNING * * *
The orc hits your hound with a +0 club.
Your hound bites the yak but does no damage.
You feel better. The yak gores your hound!
The yak gores you but does no damage.
The orc hits your hound but does no damage.
Your hound bites the orc.
Unknown command.
You barely miss the yak.
The yak is heavily wounded.
Your hound bites the orc.
The orc dies!
Vehumet accepts your kill.
The yak is engulfed in a cloud of scalding steam.
The yak gores you!
* * * LOW HITPOINT WARNING * * *
The yak gores you!
You die...

Skill      XL: |  1  2  3  4  5  6  7  8  9 10 11 |
---------------+----------------------------------+-----
Summonings     | 2 3 4 5 7 |  7.7
Stealth        | 2 3 4 5 |  5.0
Spellcasting   | 2 3 4 5 6 7 |  7.0
Conjurations   | 1 2 3 4 5 6 7 |  7.5
Earth Magic    | 5 6 7 8 |  8.6
Evocations     | 3 4 5 |  5.6
Throwing       | 1 2 |  2.4
Fighting       | |  1.0

Action                     |  1- 3 |  4- 6 |  7- 9 | 10-12 || total
---------------------------+-------+-------+-------+-------++-------
  Melee: Spear             |       |    36 |   261 |    68 ||   365
         Punch             |       |     1 |     8 |     1 ||    10
   Fire: Sling             |    44 |     9 |       |       ||    53
   Cast: Sandblast         |    20 |     7 |     8 |     2 ||    37
         Stone Arrow       |       |       |    73 |   117 ||   190
         Foxfire           |       |       |    17 |    13 ||    30
         Call Canine Famil |       |       |     6 |     6 ||    12
  Evoke: Wand              |       |       |       |     5 ||     5
    Use: Scroll            |       |       |     5 |     5 ||    10
         Potion            |       |       |     3 |     6 ||     9
   Stab: Sleeping          |       |     1 |     9 |       ||    10
         Distracted        |       |       |     3 |     2 ||     5
 Armour: Robe              |     6 |     3 |    94 |    28 ||   131
         Skin              |       |       |    89 |       ||    89
         Steam dragon scal |       |       |       |    10 ||    10
  Dodge: Dodged            |    21 |    26 |   186 |    59 ||   292

Levels and vault maps discovered:
D:1:      minmay_arrival_split_and_join, layout_loops_ring, minmay_tripent
D:2:      layout_rooms, shapermc_ecumenical_altar_gd, uniq_robin, uniq_sigmund,
          uniq_natasha
D:3:      layout_loops_cross, minmay_door_square
D:4:      layout_rooms, lemuel_temple_firewalk_b
D:5:      layout_loops_ring, gammafunk_ghost_stat_death, uniq_prince_ribbit1,
          uniq_grinder, uniq_eustachio
D:6:      layout_cave_pools, gammafunk_temple_overflow_claw,
          gup_ossuary_entry_pyramid, nicolae_titane, uniq_edmund,
          uniq_blork_the_orc
D:7:      nzn_winding_woodlands_small [nzn_winding_woodlands_5x15_eye,
          nzn_winding_woodlands_center_pierced_h,
          nzn_winding_woodlands_5x15_sidewinder], layout_basic,
          minmay_fountain_box, uniq_pikel
D:8:      layout_loops_corners, led_sif_pool, st_stairs_8, minivault_21,
          minmay_orc_keep
Temple:   bh_familiar_temple

Notes
Turn   | Place    | Note
-------+----------+-------------------------------------------
     0 | D:1      | Jeffwins the Human Wanderer began the quest for the Orb.
     0 | D:1      | Jeffwins set off with the following items: a +0 club, a
                  | potion of heal wounds {@q2}, a +0 robe, a wand of flame
                  | (5); and the following spells available to memorise:
                  | Sandblast, Summon Small Mammal, Stone Arrow, Call Canine
                  | Familiar, Animate Armour.
     0 | D:1      | Reached XP level 1. HP: 15/15 MP: 2/2
     2 | D:1      | Learned a level 1 spell: Sandblast
   337 | D:1      | Reached XP level 2. HP: 21/21 MP: 3/3
   874 | D:2      | Noticed Robin
   900 | D:2      | Reached XP level 3. HP: 24/26 MP: 3/5
   957 | D:2      | Learned a level 3 spell: Stone Arrow
  1077 | D:2      | Killed Robin
  1078 | D:2      | Reached XP level 4. HP: 26/32 MP: 2/6
  1091 | D:2      | Reached skill level 2 in Summonings
  1145 | D:2      | Noticed Sigmund
  1154 | D:2      | Killed Sigmund
  1155 | D:2      | Reached skill level 2 in Stealth
  1155 | D:2      | Reached skill level 2 in Spellcasting
  1155 | D:2      | Reached skill level 1 in Conjurations
  1155 | D:2      | Reached XP level 5. HP: 33/37 MP: 6/8
  1155 | D:2      | Reached XP level 6. HP: 38/43 MP: 6/9
  1202 | D:2      | Found a faded altar of an unknown god.
  1420 | D:2      | Noticed Natasha
  1434 | D:2      | Killed Natasha
  1435 | D:2      | Reached skill level 2 in Conjurations
  1483 | D:2      | Noticed Natasha
  1495 | D:2      | Killed Natasha
  1605 | D:2      | Noticed Natasha
  1614 | D:2      | Killed Natasha
  1691 | D:3      | Reached skill level 3 in Summonings
  1790 | D:3      | Reached skill level 5 in Earth Magic
  1790 | D:3      | Reached XP level 7. HP: 18/48 MP: 6/11
  1933 | D:3      | Learned a level 3 spell: Call Canine Familiar
  2350 | D:3      | Reached skill level 3 in Spellcasting
  2839 | D:4      | Reached skill level 3 in Evocations
  2955 | D:4      | Reached skill level 3 in Conjurations
  3359 | D:4      | Found a staircase to the Ecumenical Temple.
  3368 | Temple   | Entered the Ecumenical Temple
  3549 | Temple   | Became a worshipper of Vehumet
  3711 | D:5      | Entered Level 5 of the Dungeon
  3749 | D:5      | Reached XP level 8. HP: 54/54 MP: 3/13
  3849 | D:5      | Reached skill level 3 in Stealth
  3953 | D:5      | Noticed Prince Ribbit
  4072 | D:5      | Reached skill level 4 in Summonings
  4152 | D:5      | Noticed Eustachio
  4160 | D:5      | Killed Eustachio
  4386 | D:5      | Noticed a hornet
  4565 | D:5      | Found a transporter.
  4576 | D:5      | Found a transporter.
  4584 | D:5      | Reached skill level 4 in Spellcasting
  4584 | D:5      | Noticed LobsterGuardian's ghost (amateur OpHW)
  4705 | D:5      | Reached skill level 4 in Conjurations
  4707 | D:5      | Reached skill level 6 in Earth Magic
  4813 | D:5      | Paralysed by a hornet for 2 turns
  4814 | D:5      | Killed a hornet
  4815 | D:5      | Reached XP level 9. HP: 21/59 MP: 9/15
  5124 | D:5      | Killed Prince Ribbit
  5317 | D:5      | Reached skill level 5 in Summonings
  5325 | D:5      | Killed LobsterGuardian's ghost
  5325 | D:5      | Reached * piety under Vehumet
  5325 | D:5      | Offered knowledge of Foxfire by Vehumet.
  5326 | D:5      | Reached skill level 4 in Stealth
  5326 | D:5      | Reached skill level 4 in Evocations
  5489 | D:6      | Found a sand-covered staircase.
  5523 | Ossuary  | Entered an ossuary
  5617 | Ossuary  | Reached skill level 5 in Conjurations
  6006 | D:6      | Reached skill level 5 in Spellcasting
  6023 | D:6      | Noticed Edmund
  6056 | D:6      | Killed Edmund
  6151 | D:6      | Learned a level 1 spell: Foxfire
  6420 | D:6      | Reached skill level 7 in Earth Magic
  6440 | D:5      | Noticed Grinder
  6446 | D:6      | Reached XP level 10. HP: 50/65 MP: 0/18
  6753 | D:6      | Noticed Blork the orc
  6756 | D:6      | Killed Blork the orc
  6845 | D:6      | Found an ancient bone altar of Kikubaaqudgha.
  6846 | D:6      | Found a glowing golden altar of the Shining One.
  6847 | D:6      | Found a sparkling altar of Nemelex Xobeh.
  6852 | D:6      | Reached skill level 6 in Summonings
  7089 | D:6      | Identified the +5 short sword "Hiliurchi" {heavy, rN++}
  7442 | D:5      | Killed Grinder
  7443 | D:5      | Reached skill level 6 in Conjurations
  7778 | D:7      | Reached ** piety under Vehumet
  7782 | D:7      | Offered knowledge of Static Discharge by Vehumet.
  7783 | D:7      | Reached skill level 5 in Stealth
  8044 | D:7      | Noticed Pikel
  8060 | D:7      | Killed Pikel
  8061 | D:7      | Reached skill level 6 in Spellcasting
  8229 | D:7      | Noticed a komodo dragon
  8231 | D:7      | Noticed a white ugly thing
  8238 | D:7      | Noticed a manticore
  8454 | D:7      | Reached skill level 5 in Evocations
  8603 | D:7      | Reached skill level 8 in Earth Magic
  8633 | D:7      | Reached skill level 1 in Throwing
  8946 | D:7      | HP: 1/65 [manticore/volley of spikes (10)]
  8948 | D:7      | Killed a manticore
  8949 | D:7      | Reached skill level 7 in Summonings
  8949 | D:7      | Reached XP level 11. HP: 2/70 MP: 0/20
  9324 | D:7      | Killed a white ugly thing
  9325 | D:7      | Reached skill level 7 in Conjurations
  9755 | D:8      | Reached skill level 2 in Throwing
 10106 | D:8      | Reached skill level 7 in Spellcasting
 10230 | D:8      | Offered knowledge of Inner Flame by Vehumet.
 10239 | D:8      | Identified a +0 robe of the Archmagi
 10263 | D:8      | HP: 4/70 [yak (9)]
 10265 | D:8      | Slain by a yak

Vanquished Creatures
  Pikel (D:7)
  An ugly thing (D:7)
  A manticore (D:7)
  A komodo dragon (D:7)
  A hornet (D:5)
  Grinder (D:5)
  Prince Ribbit (D:5)
  Sigmund (D:2)
  Eustachio (D:5)
  4 yaks
  2 steam dragons
  Edmund (D:6)
  An acid dragon (D:7)
  2 water moccasins
  2 orc warriors
  3 sky beasts
  2 black bears
  3 ogres
  3 centaurs
  4 lemures (D:7)
  2 phantoms
  A kobold brigand (D:8)
  Blork the orc (D:6)
  6 bullfrogs
  5 scorpions
  6 killer bees (D:8)
  5 howler monkeys
  A centaur zombie (Ossuary)
  2 quasits (D:5)
  A jelly (D:7)
  3 human zombies (Ossuary)
  5 hounds
  5 orc priests
  3 sleepcaps
  5 iguanas
  Natasha (thrice) (D:2)
  7 orc wizards
  2 mummies
  Robin (D:2)
  4 gnolls (D:3)
  8 adders
  3 white imps
  2 worms
  3 dart slugs
  22 orcs
  4 endoplasms
  3 giant cockroaches
  2 gnoll zombies (Ossuary)
  14 goblins
  12 hobgoblins
  3 kobolds
  4 quokkas
  8 ball pythons
  3 bats
  A frilled lizard (D:3)
  A hobgoblin zombie (Ossuary)
  An orc zombie (Ossuary)
  4 rats
202 creatures vanquished.

Vanquished Creatures (collateral kills)
  The ghost of LobsterGuardian the Magician, an amateur OpHW of Gozag (D:5)
  A yak (D:7)
  A mummy (Ossuary)
  An orc (D:8)
4 creatures vanquished.

Vanquished Creatures (others)
  An ufetubus (D:6)
  3 demonic plants (D:2)
  52 foxfires
  A withered plant (D:2)
57 creatures vanquished.

Grand Total: 263 creatures vanquished

Table legend: (Time is in decaauts)
 A = Elapsed time spent in this place.
 B = Non-inter-level travel time spent in this place.
 C = Inter-level travel time spent in this place.
 D = Time resting spent in this place.
 E = Time spent auto-exploring this place.
 F = Levels seen in this place.
 G = Mean time per level.
                   A        B        C        D        E       F      G
               +--------+--------+--------+--------+--------+-----+--------+
         Total |  10352 |   9933 |    419 |   1084 |   7079 |  10 | 1035.2 |
       Dungeon |   9708 |   9312 |    396 |   1081 |   6594 |   8 | 1213.5 |
        Temple |    187 |    164 |     23 |      0 |    153 |   1 |  187.0 |
       Ossuary |    456 |    456 |      0 |      3 |    332 |   1 |  456.0 |
               +--------+--------+--------+--------+--------+-----+--------+

Top non-repeatable levels by time:
     D:7: 2141 daAuts
     D:5: 2008 daAuts
     D:6: 1311 daAuts
     D:3: 1105 daAuts
     D:2: 970 daAuts
     D:1: 814 daAuts
     D:4: 778 daAuts
     D:8: 578 daAuts
 Ossuary: 456 daAuts
  Temple: 187 daAuts

Table legend:
 A = Non-vault XP
 B = Vault XP
 C = Vault XP percentage of total XP
 D = Non-vault monster count
 E = Vault monster count
 F = Vault count percentage of total count
                 A         B        C        D         E       F
            +---------+---------+-------+---------+---------+-------
      Total |    5403 |    5578 |  50.8 |     141 |      61 |  30.2
            +---------+---------+-------+---------+---------+-------
        D:1 |      10 |       4 |  28.6 |       6 |       2 |  25.0
        D:2 |     109 |     311 |  74.0 |      16 |      14 |  46.7
        D:3 |     244 |       0 |   0.0 |      30 |       0 |   0.0
        D:4 |     221 |       0 |   0.0 |      20 |       0 |   0.0
        D:5 |    1029 |    1067 |  50.9 |      20 |       6 |  23.1
        D:6 |    1383 |     284 |  17.0 |      22 |       3 |  12.0
        D:7 |     736 |    3537 |  82.8 |      10 |      20 |  66.7
        D:8 |    1671 |     156 |   8.5 |      17 |       6 |  26.1
    Ossuary |       0 |     219 | 100.0 |       0 |      10 | 100.0
            +---------+---------+-------+---------+---------+-------
